Eagles vs Americans
Created - May 7, 2024 at 21:00
Goals
|
| Eagles |
0 |
2 |
1 |
3 |
| Americans |
1 |
1 |
4 |
6 |
|
Shots
|
| Eagles |
9 |
12 |
8 |
29 |
| Americans |
6 |
15 |
19 |
40 |
|
1st period
1. Americans , Teemu Pulkkinen 40 (Joel Eriksson Ek 63, Borna Rendulic 4) at 16:48
Penalties :
Jack Dougherty (Col) for High sticking (Minor) at 4:49, Teemu Pulkkinen (Roc) for High sticking (Minor) at 14:32, Anthony Duclair (Col) for Interference (Minor) at 18:40
2nd period
2. Americans , Jakub Vrana 32 (Tarmo Reunanen 11) at 10:58 (SH)
3. Eagles , Drake Caggiula 19 (Gabriel Vilardi 38, Sam Steel 22) at 12:54
4. Eagles , Drake Caggiula 20 (Jack Dougherty 33) at 13:40
Penalties :
Jack Dougherty (Col) for Cross-checking (Minor) at 4:07, Tanner Richard (Roc) for Hooking (Minor) at 10:09, Tanner Richard (Roc) for Hooking (Minor) at 13:49
3rd period
5. Americans , Teemu Pulkkinen 41 (Joel Eriksson Ek 64, Borna Rendulic 5) at 0:47
6. Americans , Joel Eriksson Ek 47 (Teemu Pulkkinen 40) at 7:18
7. Americans , Jakub Vrana 33 (Matt Grzelcyk 33, Vladimir Tkachev 19) at 10:17
8. Eagles , Anthony Duclair 22 (Jonathan Racine 18, Connor Carrick 29) at 17:56
9. Americans , Teemu Pulkkinen 42 (Joel Eriksson Ek 65, Matt Grzelcyk 34) at 19:04 (PP)
Penalties :
Jakub Vrana (Roc) for Tripping (Minor) at 14:30, Ryan Murphy (Col) for Tripping (Minor) at 18:08
Goalie Stats
Adin Hill (Col), 34 saves from 40 shots - (0.850), L, 29-26-5, 60:00 minutes
Connor Hellebyuk (Roc), 26 saves from 29 shots - (0.897), W, 28-31-4, 60:00 minutes
Players Stats for Eagles
Player Name G A P +/- PIM S H SB GA TA FO MP PP MP PK MP
------------------------------------------------------------------------------------
Anthony Duclair 1 0 1 1 2 2 5 1 0 2 0/0 20:17 4:06 1:47
Chris Calhan 0 0 0 -1 0 0 0 0 0 1 0/0 8:29 0:35 0:00
Connor Carrick 0 1 1 -1 0 3 2 1 1 1 0/0 29:21 5:25 5:01
Drake Caggiula 2 0 2 2 0 4 0 0 1 0 15/30 20:19 3:44 2:06
Gabriel Vilardi 0 1 1 -1 0 2 1 0 2 0 1/1 18:40 3:52 1:34
Jack Dougherty 0 1 1 -2 4 1 2 2 2 0 0/0 22:32 2:31 0:45
Jonathan Racine 0 1 1 2 0 0 1 1 0 1 0/0 14:10 0:00 2:31
Joseph Blandisi 0 0 0 -1 0 2 1 0 1 0 0/2 17:00 3:41 0:13
Keaton Middleton 0 0 0 -2 0 0 1 2 0 0 0/0 18:24 2:31 0:00
Matteson Iacopelli 0 0 0 -1 0 2 1 0 0 0 0/1 11:38 1:39 0:00
Mattias Samuelsson 0 0 0 1 0 0 1 2 0 0 0/0 11:50 0:00 1:34
Michael Carcone 0 0 0 -1 0 1 1 0 0 0 0/0 12:44 0:09 0:00
Nick Cousins 0 0 0 0 0 2 0 1 1 1 0/0 9:38 2:00 0:00
Pius Suter 0 0 0 -1 0 0 1 0 0 0 2/2 7:41 0:00 0:00
Ryan Murphy 0 0 0 -2 2 0 1 2 2 1 0/0 23:44 5:25 3:55
Sam Steel 0 1 1 0 0 4 1 2 0 0 11/28 20:45 0:00 4:03
Tyler Motte 0 0 0 -1 0 5 0 0 0 0 0/0 11:48 0:00 4:03
Zach Aston-Reese 0 0 0 -2 0 1 2 0 0 0 2/9 14:03 4:02 0:00
Players Stats for Americans
Player Name G A P +/- PIM S H SB GA TA FO MP PP MP PK MP
------------------------------------------------------------------------------------
Alex Schoenborn 0 0 0 0 0 0 0 0 0 0 0/0 0:00 0:00 0:00
Borna Rendulic 0 2 2 1 0 3 0 2 0 1 0/1 17:06 3:02 0:00
Brayden Pachal 0 0 0 0 0 0 0 0 0 0 0/0 3:27 0:00 0:00
Cameron Hughes 0 0 0 0 0 0 0 0 0 0 0/0 1:03 0:00 1:03
Daniel Sprong 0 0 0 0 0 0 0 0 0 0 0/0 6:24 0:00 0:00
Dillon Heatherington 0 0 0 -1 0 3 1 3 0 2 0/0 29:10 4:28 5:00
Jakub Vrana 2 0 2 1 2 7 0 1 0 0 2/2 20:29 3:51 1:31
Joel Eriksson Ek 1 3 4 1 0 4 6 1 0 0 3/9 17:06 3:02 0:00
Joel Teasdale 0 0 0 0 0 0 0 0 0 0 0/0 0:00 0:00 0:00
John Leonard 0 0 0 0 0 1 2 0 0 0 0/0 6:40 0:00 0:16
Jonas Brodin 0 0 0 -1 0 3 5 2 2 0 0/0 32:07 4:28 5:00
Justin Bailey 0 0 0 0 0 3 1 1 1 0 6/10 23:30 3:51 4:31
Lauri Pajuniemi 0 0 0 0 0 0 0 0 0 0 0/0 0:00 0:00 0:00
Matt Grzelcyk 0 2 2 2 0 2 0 0 1 4 0/0 18:04 2:25 2:56
Maxim Mamin 0 0 0 0 0 2 0 0 0 0 1/1 6:24 0:00 0:00
Nathan Noel 0 0 0 0 0 0 0 0 0 0 0/0 0:00 0:00 0:00
Richard Nejezchleb 0 0 0 0 0 1 1 0 0 0 0/0 9:24 0:00 0:00
Ryan Fitzgerald 0 0 0 0 0 0 1 0 0 0 3/9 9:24 0:00 0:00
Spencer Stastney 0 0 0 1 0 0 0 1 0 1 0/0 9:34 0:00 0:00
Tanner Richard 0 0 0 0 4 7 0 2 1 0 24/38 19:55 3:51 0:52
Tarmo Reunanen 0 1 1 2 0 0 0 3 0 1 0/0 18:04 2:25 2:56
Teemu Pulkkinen 3 1 4 1 2 4 0 1 1 1 2/2 21:00 3:02 3:44
Vladimir Tkachev 0 1 1 0 0 0 0 0 1 0 0/0 10:46 0:00 1:22
Xavier Bouchard 0 0 0 1 0 0 0 0 0 0 0/0 9:34 0:00 0:00
Zachary Senyshyn 0 0 0 1 0 0 0 0 0 0 1/1 2:49 0:00 2:33
3 Stars
1 - Joel Eriksson Ek (Roc)
2 - Teemu Pulkkinen (Roc)
3 - Jakub Vrana (Roc)
Power Play
Eagles - 0 on 4 Attempt(s) - 0.00%
Americans - 1 on 4 Attempt(s) - 25.00%
Penalty Kill
Eagles - 3 on 4 Attempt(s) - 75.00%
- Score 0 goal in Penalty Kill
Americans - 4 on 4 Attempt(s) - 100.00%
- Score 1 goal in Penalty Kill
Team Stat
Eagles - Hits : 21 - Faceoff Wins : 31 - Blocked Shots : 14 - Penalty Minutes : 8
Americans - Hits : 17 - Faceoff Wins : 42 - Blocked Shots : 17 - Penalty Minutes : 8
Official
Referees : Ian Walsh and Kendrick Nicholson
Linesman : Travis Gawryletz and Andrew Smith
Game Notes
Nick Cousins is injured at 13:06 of 2nd period (Bruised Left Foot)
Mattias Samuelsson is injured at 13:36 of 3rd period (Lacerated Left Calf)
Teemu Pulkkinen has scored a Hat Trick!
Finance
Level 1 -- Attendance: 1708 (85.40%) -- Ticket Income $119,560
Level 2 -- Attendance: 973 (97.30%) -- Ticket Income $38,920
Total Attendance: 2681 (89.37%)
Total Ticket Income: $158,480
Other Income: $7,924
Total Income: $166,404
Eagles
5 vs 5 Forward
Center Left Wing Right Wing Time % Phy DF OF
1 Drake Caggiula Anthony Duclair Nick Cousins 36 1 1 3
2 Sam Steel Joseph Blandisi Gabriel Vilardi 33 1 1 3
3 Zach Aston-Reese Michael Carcone Matteson Iacopelli 21 1 2 2
4 Pius Suter Tyler Motte Chris Calhan 10 1 2 2
5 vs 5 Defense
Defense Defense Time % Phy DF OF
1 Connor Carrick Jack Dougherty 41 1 2 2
2 Ryan Murphy Keaton Middleton 39 1 2 2
3 Jonathan Racine Mattias Samuelsson 20 1 3 1
4 Jonathan Racine Mattias Samuelsson 0 0 5 0
PowerPlay Forward
Center Left Wing Right Wing Time % Phy DF OF
1 Zach Aston-Reese Anthony Duclair Nick Cousins 50 1 1 3
2 Drake Caggiula Joseph Blandisi Gabriel Vilardi 50 1 1 3
PowerPlay Defense
Defense Defense Time % Phy DF OF
1 Ryan Murphy Connor Carrick 55 1 1 3
2 Jack Dougherty Keaton Middleton 45 1 1 3
Penalty Kill 4 Players Forward
Center Wing Time % Phy DF OF
1 Sam Steel Tyler Motte 60 1 3 1
2 Drake Caggiula Anthony Duclair 40 1 3 1
Penalty Kill 4 Players Defense
Defense Defense Time % Phy DF OF
1 Ryan Murphy Connor Carrick 65 1 3 1
2 Jack Dougherty Jonathan Racine 35 1 3 1
Penalty Kill - 3 Players Forward
Forward Time % Phy DF OF
1 Tyler Motte 60 1 4 0
2 Drake Caggiula 40 1 4 0
Penalty Kill - 3 Players Defense
Defense Defense Time % Phy DF OF
1 Connor Carrick Ryan Murphy 70 1 4 0
2 Jack Dougherty Jonathan Racine 30 1 4 0
4 vs 4 Forward
Center Wing Time % Phy DF OF
1 Zach Aston-Reese Anthony Duclair 55 1 2 2
2 Sam Steel Nick Cousins 45 1 2 2
4 vs 4 Defense
Defense Defense Time % Phy DF OF
1 Connor Carrick Jack Dougherty 50 1 2 2
2 Ryan Murphy Keaton Middleton 50 1 2 2
Last Minutes Offensive
Center Left Wing Right Wing Defense Defense
Zach Aston-Reese Anthony Duclair Nick Cousins Ryan Murphy Jack Dougherty
Last Minutes Defensive
Center Left Wing Right Wing Defense Defense
Drake Caggiula Tyler Motte Nick Cousins Connor Carrick Ryan Murphy
Goaltenders
Starting : Adin Hill
Backup : Daniel Altshuller
Extra Forwards
Normal : Sam Steel, Michael Carcone, Gabriel Vilardi - PP : Gabriel Vilardi, Matteson Iacopelli - PK : Gabriel Vilardi
Extra Defensemen
Normal : Jonathan Racine, Mattias Samuelsson, Jack Dougherty - PP : Jonathan Racine - PK : Jonathan Racine, Mattias Samuelsson
Penalty Shots
Anthony Duclair, Gabriel Vilardi, Pius Suter, Zach Aston-Reese, Nick Cousins
Custom OT Lines Forwards
Nick Cousins, Joseph Blandisi, Gabriel Vilardi, Drake Caggiula, Zach Aston-Reese, Tyler Motte, Michael Carcone, Sam Steel, Matteson Iacopelli, Pius Suter
Custom OT Lines Defensemen
Connor Carrick, Ryan Murphy, Keaton Middleton, Jack Dougherty, Jonathan Racine
Scratches
Dominik Kubalik (Healthy), Jared McCann (Right Leg Injury), Kevin Bahl (Healthy), Mark Friedman (Healthy), Tyler Tucker (Healthy)
Michael Dal Colle (Healthy), Xavier Ouellet (Healthy), Alexander Nylander (Healthy), Max Lajoie (Healthy), Pascal Laberge (Healthy)
Marian Studenic (Healthy), Walker Duehr (Healthy), Zachary Emond (Healthy)
Americans
5 vs 5 Forward
Center Left Wing Right Wing Time % Phy DF OF
1 Tanner Richard Justin Bailey Jakub Vrana 40 1 2 2
2 Joel Eriksson Ek Teemu Pulkkinen Borna Rendulic 30 1 2 2
3 Ryan Fitzgerald Vladimir Tkachev Richard Nejezchleb 20 1 2 2
4 Maxim Mamin John Leonard Daniel Sprong 10 1 2 2
5 vs 5 Defense
Defense Defense Time % Phy DF OF
1 Jonas Brodin Dillon Heatherington 40 1 2 2
2 Matt Grzelcyk Tarmo Reunanen 30 1 2 2
3 Spencer Stastney Xavier Bouchard 20 1 2 2
4 Brayden Pachal Jonas Brodin 10 1 2 2
PowerPlay Forward
Center Left Wing Right Wing Time % Phy DF OF
1 Tanner Richard Justin Bailey Jakub Vrana 60 1 2 2
2 Joel Eriksson Ek Teemu Pulkkinen Borna Rendulic 40 1 2 2
PowerPlay Defense
Defense Defense Time % Phy DF OF
1 Jonas Brodin Dillon Heatherington 60 1 2 2
2 Matt Grzelcyk Tarmo Reunanen 40 1 2 2
Penalty Kill 4 Players Forward
Center Wing Time % Phy DF OF
1 Justin Bailey Teemu Pulkkinen 60 1 2 2
2 Tanner Richard Jakub Vrana 40 1 2 2
Penalty Kill 4 Players Defense
Defense Defense Time % Phy DF OF
1 Jonas Brodin Dillon Heatherington 60 1 2 2
2 Matt Grzelcyk Tarmo Reunanen 40 1 2 2
Penalty Kill - 3 Players Forward
Forward Time % Phy DF OF
1 Justin Bailey 60 1 2 2
2 Teemu Pulkkinen 40 1 2 2
Penalty Kill - 3 Players Defense
Defense Defense Time % Phy DF OF
1 Jonas Brodin Dillon Heatherington 60 1 2 2
2 Matt Grzelcyk Tarmo Reunanen 40 1 2 2
4 vs 4 Forward
Center Wing Time % Phy DF OF
1 Justin Bailey Teemu Pulkkinen 60 1 2 2
2 Tanner Richard Jakub Vrana 40 1 2 2
4 vs 4 Defense
Defense Defense Time % Phy DF OF
1 Jonas Brodin Dillon Heatherington 60 1 2 2
2 Matt Grzelcyk Tarmo Reunanen 40 1 2 2
Last Minutes Offensive
Center Left Wing Right Wing Defense Defense
Tanner Richard Justin Bailey Jakub Vrana Jonas Brodin Dillon Heatherington
Last Minutes Defensive
Center Left Wing Right Wing Defense Defense
Tanner Richard Justin Bailey Jakub Vrana Jonas Brodin Dillon Heatherington
Goaltenders
Starting : Connor Hellebyuk
Backup : Peyton Jones
Extra Forwards
Normal : Nathan Noel, Alex Schoenborn, Zachary Senyshyn - PP : Nathan Noel, Alex Schoenborn - PK : Zachary Senyshyn
Extra Defensemen
Normal : Spencer Stastney, Xavier Bouchard, Brayden Pachal - PP : Spencer Stastney - PK : Xavier Bouchard, Brayden Pachal
Penalty Shots
Justin Bailey, Teemu Pulkkinen, Tanner Richard, Jakub Vrana, Borna Rendulic
Custom OT Lines Forwards
Justin Bailey, Teemu Pulkkinen, Tanner Richard, Jakub Vrana, Borna Rendulic, Joel Eriksson Ek, Ryan Fitzgerald, Vladimir Tkachev, Richard Nejezchleb, Maxim Mamin
Custom OT Lines Defensemen
Jonas Brodin, Dillon Heatherington, Matt Grzelcyk, Tarmo Reunanen, Spencer Stastney
Scratches
Dmitri Semykin (Healthy)
% Time on Ice - Eagles
Lines # - Real PCT - Wanted PCT - Time Play
Normal Forward
1 - 32% - 36% - 14:29
2 - 29% - 33% - 13:02
3 - 22% - 21% - 9:59
4 - 17% - 10% - 7:41
Normal Defense
1 - 39% - 41% - 17:39
2 - 36% - 39% - 16:17
3 - 23% - 20% - 10:16
4 - 2% - 0% - 0:59
PP Forward
1 - 54% - 50% - 4:15
2 - 46% - 50% - 3:41
PP Defense
1 - 68% - 55% - 5:25
2 - 32% - 45% - 2:31
PK Forward
1 - 69% - 60% - 4:47
2 - 31% - 40% - 2:06
PK Defense
1 - 70% - 65% - 4:51
2 - 30% - 35% - 2:02
PK3 Forward
1 - 0% - 60%
2 - 0% - 40%
PK3 Defense
1 - 0% - 70%
2 - 0% - 30%
44 Forward
1 - 0% - 55%
2 - 0% - 45%
44 Defense
1 - 0% - 50%
2 - 0% - 50%
Last Minute Offensive - 0:00
Last Minute Defensive - 0:00
Total
Forward - 60:00
Defense - 60:00
|
% Time on Ice - Americans
Lines # - Real PCT - Wanted PCT - Time Play
Normal Forward
1 - 33% - 40% - 15:08
2 - 32% - 30% - 14:15
3 - 21% - 20% - 9:24
4 - 14% - 10% - 6:24
Normal Defense
1 - 43% - 40% - 19:27
2 - 28% - 30% - 12:43
3 - 21% - 20% - 9:34
4 - 8% - 10% - 3:27
PP Forward
1 - 56% - 60% - 3:51
2 - 44% - 40% - 3:02
PP Defense
1 - 65% - 60% - 4:28
2 - 35% - 40% - 2:25
PK Forward
1 - 74% - 60% - 5:51
2 - 26% - 40% - 2:05
PK Defense
1 - 63% - 60% - 5:00
2 - 37% - 40% - 2:56
PK3 Forward
1 - 0% - 60%
2 - 0% - 40%
PK3 Defense
1 - 0% - 60%
2 - 0% - 40%
44 Forward
1 - 0% - 60%
2 - 0% - 40%
44 Defense
1 - 0% - 60%
2 - 0% - 40%
Last Minute Offensive - 0:00
Last Minute Defensive - 0:00
Total
Forward - 60:00
Defense - 60:00
|
Play-by-Play
1st period
0:01 of 1st period - Tanner Richard wins face-off versus Drake Caggiula in neutral zone.
0:25 of 1st period - Sam Steel is hit by Richard Nejezchleb and loses puck.
0:52 of 1st period - Snap shot by Matteson Iacopelli.
0:52 of 1st period - Stopped by Connor Hellebyuk with a rebound.
0:54 of 1st period - Slapshot by Connor Carrick.
0:54 of 1st period - Shot Blocked by Tarmo Reunanen.
0:58 of 1st period - Wrist shot by Zach Aston-Reese.
0:58 of 1st period - Shot Misses the Net.
1:00 of 1st period - Slapshot by Connor Carrick.
1:00 of 1st period - Stopped by Connor Hellebyuk with a rebound.
1:10 of 1st period - Ryan Murphy is hit by John Leonard and loses puck.
1:19 of 1st period - Wrist shot by Pius Suter.
1:19 of 1st period - Shot Misses the Net.
1:35 of 1st period - Jakub Vrana is hit by Anthony Duclair.
1:59 of 1st period - Wrist shot by Richard Nejezchleb.
1:59 of 1st period - Shot Blocked by Mattias Samuelsson.
2:14 of 1st period - Slapshot by Jonas Brodin.
2:14 of 1st period - Shot Misses the Net.
2:28 of 1st period - Wrist shot by Tyler Motte.
2:28 of 1st period - Stopped by Connor Hellebyuk with a rebound.
2:30 of 1st period - Slapshot by Mattias Samuelsson.
2:30 of 1st period - Shot Blocked by Dillon Heatherington.
2:52 of 1st period - Snap shot by Drake Caggiula.
2:52 of 1st period - Stopped by Connor Hellebyuk with a rebound.
3:10 of 1st period - Spencer Stastney is hit by Gabriel Vilardi and loses puck.
4:11 of 1st period - Sam Steel is hit by Dillon Heatherington and loses puck.
4:18 of 1st period - Snap shot by Maxim Mamin.
4:18 of 1st period - Stopped by Adin Hill without a rebound.
4:19 of 1st period - Joel Eriksson Ek wins face-off versus Zach Aston-Reese in Eagles zone.
4:34 of 1st period - Wrist shot by Joel Eriksson Ek.
4:34 of 1st period - Stopped by Adin Hill with a rebound.
4:49 of 1st period - Minor Penalty to Jack Dougherty for High sticking.
4:50 of 1st period - Tanner Richard wins face-off versus Sam Steel in Eagles zone.
6:49 of 1st period - Penalty to Jack Dougherty is over, Jack Dougherty is back on ice.
7:04 of 1st period - Jonas Brodin is hit by Zach Aston-Reese and loses puck.
7:09 of 1st period - Snap shot by Zach Aston-Reese.
7:09 of 1st period - Shot Blocked by Jonas Brodin.
7:23 of 1st period - Keaton Middleton is hit by Jonas Brodin and loses puck.
9:14 of 1st period - Wrist shot by Zach Aston-Reese.
9:14 of 1st period - Stopped by Connor Hellebyuk without a rebound.
9:15 of 1st period - Zach Aston-Reese wins face-off versus Tanner Richard in Americans zone.
9:16 of 1st period - Snap shot by Michael Carcone.
9:16 of 1st period - Shot Misses the Net.
9:42 of 1st period - Snap shot by Nick Cousins.
9:42 of 1st period - Stopped by Connor Hellebyuk without a rebound.
9:43 of 1st period - Joel Eriksson Ek wins face-off versus Sam Steel in Americans zone.
10:09 of 1st period - Drake Caggiula is hit by Justin Bailey and loses puck.
10:32 of 1st period - Off-side.
10:33 of 1st period - Zach Aston-Reese wins face-off versus Ryan Fitzgerald in neutral zone.
10:39 of 1st period - Off-side.
10:40 of 1st period - Tanner Richard wins face-off versus Drake Caggiula in neutral zone.
11:51 of 1st period - Snap shot by Sam Steel.
11:51 of 1st period - Deflect By Joseph Blandisi.
11:51 of 1st period - Shot Blocked by Tarmo Reunanen.
11:51 of 1st period - Puck is out of play.
11:52 of 1st period - Tanner Richard wins face-off versus Drake Caggiula in Americans zone.
11:59 of 1st period - Tanner Richard is hit by Jack Dougherty and loses puck.
12:06 of 1st period - Wrist shot by Anthony Duclair.
12:06 of 1st period - Shot Blocked by Spencer Stastney.
12:08 of 1st period - Slapshot by Jack Dougherty.
12:08 of 1st period - Shot Blocked by Jakub Vrana.
12:18 of 1st period - Jack Dougherty is hit by Joel Eriksson Ek.
12:50 of 1st period - Zach Aston-Reese is hit by Jonas Brodin and loses puck.
13:07 of 1st period - Snap shot by Drake Caggiula.
13:07 of 1st period - Shot Misses the Net.
13:44 of 1st period - Wrist shot by Joel Eriksson Ek.
13:44 of 1st period - Stopped by Adin Hill with a rebound.
13:46 of 1st period - Slapshot by Jonas Brodin.
13:46 of 1st period - Shot Blocked by Keaton Middleton.
13:52 of 1st period - Snap shot by Borna Rendulic.
13:52 of 1st period - Stopped by Adin Hill without a rebound.
13:53 of 1st period - Drake Caggiula wins face-off versus Tanner Richard in Eagles zone.
13:57 of 1st period - Off-side.
13:58 of 1st period - Drake Caggiula wins face-off versus Tanner Richard in neutral zone.
14:32 of 1st period - Minor Penalty to Teemu Pulkkinen for High sticking.
14:33 of 1st period - Justin Bailey wins face-off versus Zach Aston-Reese in Americans zone.
15:43 of 1st period - Vladimir Tkachev is hit by Jack Dougherty and loses puck.
16:32 of 1st period - Penalty to Teemu Pulkkinen is over, Teemu Pulkkinen is back on ice.
16:48 of 1st period - Wrist shot by Teemu Pulkkinen.
16:48 of 1st period - Goal by Teemu Pulkkinen - Eagles : 0 - Americans : 1.
16:49 of 1st period - Sam Steel wins face-off versus Joel Eriksson Ek in neutral zone.
16:58 of 1st period - Snap shot by Joseph Blandisi.
16:58 of 1st period - Shot Misses the Net.
17:00 of 1st period - Slapshot by Mattias Samuelsson.
17:00 of 1st period - Shot Blocked by Dillon Heatherington.
17:02 of 1st period - Snap shot by Joseph Blandisi.
17:02 of 1st period - Stopped by Connor Hellebyuk without a rebound.
17:03 of 1st period - Tanner Richard wins face-off versus Drake Caggiula in Americans zone.
17:11 of 1st period - Off-side.
17:12 of 1st period - Tanner Richard wins face-off versus Drake Caggiula in neutral zone.
17:17 of 1st period - Wrist shot by Justin Bailey.
17:17 of 1st period - Deflect By Nick Cousins.
17:17 of 1st period - Stopped by Adin Hill without a rebound.
17:18 of 1st period - Drake Caggiula wins face-off versus Tanner Richard in Eagles zone.
17:45 of 1st period - Joseph Blandisi is hit by Joel Eriksson Ek and loses puck.
18:10 of 1st period - Wrist shot by Michael Carcone.
18:10 of 1st period - Stopped by Connor Hellebyuk with a rebound.
18:21 of 1st period - Slapshot by Connor Carrick.
18:21 of 1st period - Stopped by Connor Hellebyuk without a rebound.
18:22 of 1st period - Maxim Mamin wins face-off versus Drake Caggiula in Americans zone.
18:22 of 1st period - Maxim Mamin is hit by Anthony Duclair.
18:28 of 1st period - Slapshot by Dillon Heatherington.
18:28 of 1st period - Shot Misses the Net.
18:38 of 1st period - Slapshot by Jonas Brodin.
18:38 of 1st period - Shot Blocked by Anthony Duclair.
18:40 of 1st period - Minor Penalty to Anthony Duclair for Interference.
18:41 of 1st period - Tanner Richard wins face-off versus Sam Steel in Eagles zone.
18:57 of 1st period - Slapshot by Justin Bailey.
18:57 of 1st period - Shot Blocked by Connor Carrick.
19:37 of 1st period - Off-side.
19:38 of 1st period - Drake Caggiula wins face-off versus Joel Eriksson Ek in neutral zone.
Goals for this period are 0 for Eagles vs 1 for Americans.
Shots for this period are 9 for Eagles vs 6 for Americans.
2nd period
0:01 of 2nd period - Sam Steel wins face-off versus Tanner Richard in neutral zone.
0:12 of 2nd period - Slapshot by Sam Steel.
0:12 of 2nd period - Stopped by Connor Hellebyuk without a rebound.
0:13 of 2nd period - Tanner Richard wins face-off versus Sam Steel in Americans zone.
0:40 of 2nd period - Penalty to Anthony Duclair is over, Anthony Duclair is back on ice.
0:43 of 2nd period - Slapshot by Dillon Heatherington.
0:43 of 2nd period - Stopped by Adin Hill without a rebound.
0:44 of 2nd period - Drake Caggiula wins face-off versus Joel Eriksson Ek in Eagles zone.
1:09 of 2nd period - Joel Eriksson Ek is hit by Jonathan Racine and loses puck.
1:18 of 2nd period - Gabriel Vilardi is hit by Joel Eriksson Ek and loses puck.
1:33 of 2nd period - Snap shot by Borna Rendulic.
1:33 of 2nd period - Stopped by Adin Hill with a rebound.
1:59 of 2nd period - Wrist shot by Tanner Richard.
1:59 of 2nd period - Deflect By Jakub Vrana.
1:59 of 2nd period - Stopped by Adin Hill with a rebound.
2:57 of 2nd period - Wrist shot by Tanner Richard.
2:57 of 2nd period - Stopped by Adin Hill with a rebound.
2:59 of 2nd period - Snap shot by Jonas Brodin.
2:59 of 2nd period - Shot Blocked by Jonathan Racine.
3:39 of 2nd period - Wrist shot by Drake Caggiula.
3:39 of 2nd period - Deflect By Nick Cousins.
3:39 of 2nd period - Stopped by Connor Hellebyuk with a rebound.
3:42 of 2nd period - Icing by Ryan Fitzgerald.
3:43 of 2nd period - Ryan Fitzgerald wins face-off versus Sam Steel in Americans zone.
3:47 of 2nd period - Vladimir Tkachev is hit by Joseph Blandisi and loses puck.
4:00 of 2nd period - Wrist shot by Richard Nejezchleb.
4:00 of 2nd period - Shot Misses the Net.
4:02 of 2nd period - Wrist shot by Ryan Fitzgerald.
4:02 of 2nd period - Shot Misses the Net.
4:04 of 2nd period - Snap shot by Richard Nejezchleb.
4:04 of 2nd period - Stopped by Adin Hill without a rebound.
4:05 of 2nd period - Drake Caggiula wins face-off versus Tanner Richard in Eagles zone.
4:07 of 2nd period - Minor Penalty to Jack Dougherty for Cross-checking.
4:08 of 2nd period - Tanner Richard wins face-off versus Sam Steel in Eagles zone.
4:08 of 2nd period - Snap shot by Justin Bailey.
4:08 of 2nd period - Stopped by Adin Hill with a rebound.
4:19 of 2nd period - Off-side.
4:20 of 2nd period - Sam Steel wins face-off versus Tanner Richard in neutral zone.
4:30 of 2nd period - Snap shot by Tanner Richard.
4:30 of 2nd period - Deflect By Jakub Vrana.
4:30 of 2nd period - Shot Misses the Net.
4:30 of 2nd period - Puck is out of play.
4:31 of 2nd period - Tanner Richard wins face-off versus Sam Steel in Eagles zone.
4:34 of 2nd period - Slapshot by Tanner Richard.
4:34 of 2nd period - Stopped by Adin Hill with a rebound.
4:36 of 2nd period - Slapshot by Jonas Brodin.
4:36 of 2nd period - Stopped by Adin Hill with a rebound.
4:38 of 2nd period - Slapshot by Dillon Heatherington.
4:38 of 2nd period - Shot Misses the Net.
4:40 of 2nd period - Backhand shot by Tanner Richard.
4:40 of 2nd period - Shot Blocked by Ryan Murphy.
4:42 of 2nd period - Snap shot by Dillon Heatherington.
4:42 of 2nd period - Stopped by Adin Hill with a rebound.
5:05 of 2nd period - Jonas Brodin is hit by Anthony Duclair and loses puck.
6:07 of 2nd period - Penalty to Jack Dougherty is over, Jack Dougherty is back on ice.
6:23 of 2nd period - Slapshot by Zach Aston-Reese.
6:23 of 2nd period - Shot Blocked by Tarmo Reunanen.
6:45 of 2nd period - Snap shot by Tyler Motte.
6:45 of 2nd period - Stopped by Connor Hellebyuk with a rebound.
7:26 of 2nd period - Wrist shot by Joel Eriksson Ek.
7:26 of 2nd period - Shot Misses the Net.
7:28 of 2nd period - Snap shot by Joel Eriksson Ek.
7:28 of 2nd period - Shot Misses the Net.
8:10 of 2nd period - Borna Rendulic is hit by Connor Carrick and loses puck.
8:55 of 2nd period - Wrist shot by Jonas Brodin.
8:55 of 2nd period - Deflect By John Leonard.
8:55 of 2nd period - Stopped by Adin Hill with a rebound.
9:14 of 2nd period - Slapshot by Jack Dougherty.
9:14 of 2nd period - Shot Blocked by Borna Rendulic.
9:16 of 2nd period - Slapshot by Connor Carrick.
9:16 of 2nd period - Deflect By Jonas Brodin.
9:16 of 2nd period - Stopped by Connor Hellebyuk without a rebound.
9:17 of 2nd period - Drake Caggiula wins face-off versus Joel Eriksson Ek in Americans zone.
9:44 of 2nd period - Icing by Ryan Murphy.
9:45 of 2nd period - Drake Caggiula wins face-off versus Ryan Fitzgerald in Eagles zone.
9:52 of 2nd period - Snap shot by Ryan Murphy.
9:52 of 2nd period - Shot Misses the Net.
9:54 of 2nd period - Snap shot by Anthony Duclair.
9:54 of 2nd period - Deflect By Drake Caggiula.
9:54 of 2nd period - Shot Hit the Post.
9:54 of 2nd period - Puck is out of play.
9:55 of 2nd period - Gabriel Vilardi wins face-off versus Tanner Richard in Americans zone.
10:02 of 2nd period - Wrist shot by Gabriel Vilardi.
10:02 of 2nd period - Stopped by Connor Hellebyuk with a rebound.
10:04 of 2nd period - Snap shot by Joseph Blandisi.
10:04 of 2nd period - Shot Misses the Net.
10:06 of 2nd period - Wrist shot by Sam Steel.
10:06 of 2nd period - Stopped by Connor Hellebyuk without a rebound.
10:07 of 2nd period - Tanner Richard wins face-off versus Sam Steel in Americans zone.
10:09 of 2nd period - Minor Penalty to Tanner Richard for Hooking.
10:10 of 2nd period - Drake Caggiula wins face-off versus Justin Bailey in Americans zone.
10:18 of 2nd period - Snap shot by Justin Bailey.
10:18 of 2nd period - Stopped by Adin Hill without a rebound.
10:19 of 2nd period - Drake Caggiula wins face-off versus Justin Bailey in Eagles zone.
10:58 of 2nd period - Wrist shot by Jakub Vrana.
10:58 of 2nd period - Goal by Jakub Vrana - Eagles : 0 - Americans : 2.
10:59 of 2nd period - Teemu Pulkkinen wins face-off versus Zach Aston-Reese in neutral zone.
11:06 of 2nd period - Snap shot by Justin Bailey.
11:06 of 2nd period - Shot Blocked by Ryan Murphy.
11:11 of 2nd period - Off-side.
11:12 of 2nd period - Justin Bailey wins face-off versus Joseph Blandisi in neutral zone.
12:09 of 2nd period - Penalty to Tanner Richard is over, Tanner Richard is back on ice.
12:17 of 2nd period - Wrist shot by Tanner Richard.
12:17 of 2nd period - Shot Misses the Net.
12:19 of 2nd period - Snap shot by Tanner Richard.
12:19 of 2nd period - Stopped by Adin Hill without a rebound.
12:20 of 2nd period - Sam Steel wins face-off versus Ryan Fitzgerald in Eagles zone.
12:24 of 2nd period - Off-side.
12:25 of 2nd period - Sam Steel wins face-off versus Ryan Fitzgerald in neutral zone.
12:28 of 2nd period - Wrist shot by Gabriel Vilardi.
12:28 of 2nd period - Stopped by Connor Hellebyuk with a rebound.
12:52 of 2nd period - Snap shot by Gabriel Vilardi.
12:52 of 2nd period - Shot Blocked by Justin Bailey.
12:54 of 2nd period - Backhand shot by Drake Caggiula.
12:54 of 2nd period - Goal by Drake Caggiula - Eagles : 1 - Americans : 2.
12:55 of 2nd period - Tanner Richard wins face-off versus Drake Caggiula in neutral zone.
13:02 of 2nd period - Slapshot by Jonas Brodin.
13:02 of 2nd period - Stopped by Adin Hill without a rebound.
13:03 of 2nd period - Jakub Vrana wins face-off versus Drake Caggiula in Eagles zone.
13:06 of 2nd period - Wrist shot by Tanner Richard.
13:06 of 2nd period - Deflect By Justin Bailey.
13:06 of 2nd period - Shot Blocked by Nick Cousins.
13:06 of 2nd period - Nick Cousins from Eagles is injured at 13:06 of 2nd period (Bruised Left Foot).
13:07 of 2nd period - Justin Bailey wins face-off versus Sam Steel in Eagles zone.
13:33 of 2nd period - Borna Rendulic is hit by Anthony Duclair and loses puck.
13:40 of 2nd period - Snap shot by Drake Caggiula.
13:40 of 2nd period - Goal by Drake Caggiula - Eagles : 2 - Americans : 2.
13:41 of 2nd period - Drake Caggiula wins face-off versus Tanner Richard in neutral zone.
13:49 of 2nd period - Minor Penalty to Tanner Richard for Hooking.
13:50 of 2nd period - Justin Bailey wins face-off versus Joseph Blandisi in Americans zone.
14:42 of 2nd period - Wrist shot by Ryan Murphy.
14:42 of 2nd period - Shot Blocked by Teemu Pulkkinen.
14:44 of 2nd period - Slapshot by Connor Carrick.
14:44 of 2nd period - Shot Misses the Net.
14:46 of 2nd period - Snap shot by Connor Carrick.
14:46 of 2nd period - Deflect By Gabriel Vilardi.
14:46 of 2nd period - Shot Misses the Net.
14:46 of 2nd period - Puck is out of play.
14:47 of 2nd period - Teemu Pulkkinen wins face-off versus Drake Caggiula in Americans zone.
14:56 of 2nd period - Wrist shot by Drake Caggiula.
14:56 of 2nd period - Stopped by Connor Hellebyuk without a rebound.
14:57 of 2nd period - Zachary Senyshyn wins face-off versus Zach Aston-Reese in Americans zone.
15:07 of 2nd period - Off-side.
15:08 of 2nd period - Drake Caggiula wins face-off versus Justin Bailey in neutral zone.
15:37 of 2nd period - Jakub Vrana is hit by Zach Aston-Reese and loses puck.
15:49 of 2nd period - Penalty to Tanner Richard is over, Tanner Richard is back on ice.
16:48 of 2nd period - Slapshot by Jonas Brodin.
16:48 of 2nd period - Deflect By Borna Rendulic.
16:48 of 2nd period - Shot Misses the Net.
16:48 of 2nd period - Puck is out of play.
16:49 of 2nd period - Sam Steel wins face-off versus Joel Eriksson Ek in Eagles zone.
17:41 of 2nd period - Tarmo Reunanen is hit by Pius Suter.
17:57 of 2nd period - Slapshot by Matt Grzelcyk.
17:57 of 2nd period - Shot Misses the Net.
17:59 of 2nd period - Snap shot by Maxim Mamin.
17:59 of 2nd period - Stopped by Adin Hill without a rebound.
18:00 of 2nd period - Drake Caggiula wins face-off versus Tanner Richard in Eagles zone.
18:07 of 2nd period - Snap shot by Drake Caggiula.
18:07 of 2nd period - Shot Misses the Net.
18:09 of 2nd period - Slapshot by Jack Dougherty.
18:09 of 2nd period - Shot Misses the Net.
18:37 of 2nd period - Icing by Jonas Brodin.
18:38 of 2nd period - Pius Suter wins face-off versus Borna Rendulic in Americans zone.
18:41 of 2nd period - Slapshot by Chris Calhan.
18:41 of 2nd period - Shot Misses the Net.
18:43 of 2nd period - Snap shot by Sam Steel.
18:43 of 2nd period - Stopped by Connor Hellebyuk with a rebound.
18:51 of 2nd period - Wrist shot by Drake Caggiula.
18:51 of 2nd period - Shot Blocked by Borna Rendulic.
18:53 of 2nd period - Snap shot by Sam Steel.
18:53 of 2nd period - Stopped by Connor Hellebyuk with a rebound.
19:45 of 2nd period - Tanner Richard is hit by Michael Carcone.
Goals for this period are 2 for Eagles vs 1 for Americans.
Shots for this period are 12 for Eagles vs 15 for Americans.
3rd period
0:01 of 3rd period - Tanner Richard wins face-off versus Sam Steel in neutral zone.
0:10 of 3rd period - Snap shot by Jakub Vrana.
0:10 of 3rd period - Shot Misses the Net.
0:12 of 3rd period - Slapshot by Jonas Brodin.
0:12 of 3rd period - Deflect By Jakub Vrana.
0:12 of 3rd period - Stopped by Adin Hill without a rebound.
0:13 of 3rd period - Tanner Richard wins face-off versus Drake Caggiula in Eagles zone.
0:35 of 3rd period - Icing by Dillon Heatherington.
0:36 of 3rd period - Tanner Richard wins face-off versus Zach Aston-Reese in Americans zone.
0:41 of 3rd period - Wrist shot by Borna Rendulic.
0:41 of 3rd period - Shot Blocked by Keaton Middleton.
0:43 of 3rd period - Wrist shot by Teemu Pulkkinen.
0:43 of 3rd period - Shot Misses the Net.
0:45 of 3rd period - Snap shot by Joel Eriksson Ek.
0:45 of 3rd period - Stopped by Adin Hill with a rebound.
0:47 of 3rd period - Slapshot by Teemu Pulkkinen.
0:47 of 3rd period - Goal by Teemu Pulkkinen - Eagles : 2 - Americans : 3.
0:48 of 3rd period - Jakub Vrana wins face-off versus Sam Steel in neutral zone.
0:52 of 3rd period - Jonas Brodin is hit by Connor Carrick and loses puck.
1:06 of 3rd period - Jakub Vrana is hit by Sam Steel.
1:26 of 3rd period - Snap shot by Anthony Duclair.
1:26 of 3rd period - Shot Blocked by Joel Eriksson Ek.
2:05 of 3rd period - Slapshot by Tarmo Reunanen.
2:05 of 3rd period - Deflect By Vladimir Tkachev.
2:05 of 3rd period - Shot Misses the Net.
2:05 of 3rd period - Puck is out of play.
2:06 of 3rd period - Tanner Richard wins face-off versus Matteson Iacopelli in Eagles zone.
2:17 of 3rd period - Snap shot by Matteson Iacopelli.
2:17 of 3rd period - Shot Blocked by Tanner Richard.
2:19 of 3rd period - Wrist shot by Jonathan Racine.
2:19 of 3rd period - Shot Blocked by Tanner Richard.
2:21 of 3rd period - Snap shot by Matteson Iacopelli.
2:21 of 3rd period - Stopped by Connor Hellebyuk with a rebound.
2:32 of 3rd period - Off-side.
2:33 of 3rd period - Joel Eriksson Ek wins face-off versus Sam Steel in neutral zone.
2:49 of 3rd period - Off-side.
2:50 of 3rd period - Tanner Richard wins face-off versus Drake Caggiula in neutral zone.
2:53 of 3rd period - Snap shot by Tanner Richard.
2:53 of 3rd period - Shot Hit the Post.
2:55 of 3rd period - Slapshot by Jakub Vrana.
2:55 of 3rd period - Stopped by Adin Hill with a rebound.
2:57 of 3rd period - Slapshot by Justin Bailey.
2:57 of 3rd period - Shot Misses the Net.
3:24 of 3rd period - Wrist shot by Teemu Pulkkinen.
3:24 of 3rd period - Stopped by Adin Hill with a rebound.
3:42 of 3rd period - Wrist shot by Tyler Motte.
3:42 of 3rd period - Stopped by Connor Hellebyuk without a rebound.
3:43 of 3rd period - Sam Steel wins face-off versus Tanner Richard in Americans zone.
4:16 of 3rd period - Icing by Ryan Murphy.
4:17 of 3rd period - Tanner Richard wins face-off versus Drake Caggiula in Eagles zone.
4:22 of 3rd period - Snap shot by Tanner Richard.
4:22 of 3rd period - Stopped by Adin Hill with a rebound.
4:42 of 3rd period - Snap shot by Anthony Duclair.
4:42 of 3rd period - Shot Blocked by Dillon Heatherington.
4:51 of 3rd period - Off-side.
4:52 of 3rd period - Tanner Richard wins face-off versus Sam Steel in neutral zone.
4:55 of 3rd period - Slapshot by Matt Grzelcyk.
4:55 of 3rd period - Stopped by Adin Hill with a rebound.
5:44 of 3rd period - Jonas Brodin is hit by Mattias Samuelsson and loses puck.
5:59 of 3rd period - Ryan Murphy is hit by John Leonard and loses puck.
7:18 of 3rd period - Wrist shot by Joel Eriksson Ek.
7:18 of 3rd period - Goal by Joel Eriksson Ek - Eagles : 2 - Americans : 4.
7:19 of 3rd period - Tanner Richard wins face-off versus Drake Caggiula in neutral zone.
7:26 of 3rd period - Wrist shot by Tanner Richard.
7:26 of 3rd period - Stopped by Adin Hill with a rebound.
7:28 of 3rd period - Slapshot by Jonas Brodin.
7:28 of 3rd period - Stopped by Adin Hill with a rebound.
7:30 of 3rd period - Slapshot by Dillon Heatherington.
7:30 of 3rd period - Shot Misses the Net.
7:32 of 3rd period - Snap shot by Tanner Richard.
7:32 of 3rd period - Stopped by Adin Hill with a rebound.
7:34 of 3rd period - Snap shot by Tanner Richard.
7:34 of 3rd period - Deflect By Justin Bailey.
7:34 of 3rd period - Shot Misses the Net.
7:34 of 3rd period - Puck is out of play.
7:35 of 3rd period - Sam Steel wins face-off versus Joel Eriksson Ek in Eagles zone.
7:35 of 3rd period - Sam Steel is hit by Joel Eriksson Ek.
7:51 of 3rd period - Snap shot by Teemu Pulkkinen.
7:51 of 3rd period - Deflect By Sam Steel.
7:51 of 3rd period - Shot Blocked by Sam Steel.
7:51 of 3rd period - Puck is out of play.
7:52 of 3rd period - Tanner Richard wins face-off versus Drake Caggiula in Eagles zone.
8:19 of 3rd period - Matteson Iacopelli is hit by Joel Eriksson Ek and loses puck.
8:36 of 3rd period - Wrist shot by John Leonard.
8:36 of 3rd period - Shot Blocked by Jack Dougherty.
8:46 of 3rd period - Snap shot by Maxim Mamin.
8:46 of 3rd period - Shot Blocked by Jack Dougherty.
9:00 of 3rd period - Snap shot by Tyler Motte.
9:00 of 3rd period - Stopped by Connor Hellebyuk with a rebound.
9:06 of 3rd period - Connor Carrick is hit by Ryan Fitzgerald and loses puck.
10:13 of 3rd period - Slapshot by Jakub Vrana.
10:13 of 3rd period - Stopped by Adin Hill with a rebound.
10:15 of 3rd period - Slapshot by Matt Grzelcyk.
10:15 of 3rd period - Deflect By Drake Caggiula.
10:15 of 3rd period - Stopped by Adin Hill with a rebound.
10:17 of 3rd period - Snap shot by Jakub Vrana.
10:17 of 3rd period - Goal by Jakub Vrana - Eagles : 2 - Americans : 5.
10:18 of 3rd period - Tanner Richard wins face-off versus Sam Steel in neutral zone.
10:29 of 3rd period - Snap shot by Joseph Blandisi.
10:29 of 3rd period - Stopped by Connor Hellebyuk without a rebound.
10:30 of 3rd period - Justin Bailey wins face-off versus Sam Steel in Americans zone.
10:32 of 3rd period - Icing by Tanner Richard.
10:33 of 3rd period - Tanner Richard wins face-off versus Sam Steel in Americans zone.
10:40 of 3rd period - Snap shot by Jakub Vrana.
10:40 of 3rd period - Stopped by Adin Hill without a rebound.
10:41 of 3rd period - Drake Caggiula wins face-off versus Justin Bailey in Eagles zone.
10:41 of 3rd period - Drake Caggiula is hit by Jonas Brodin.
10:53 of 3rd period - Snap shot by Tanner Richard.
10:53 of 3rd period - Shot Misses the Net.
10:55 of 3rd period - Snap shot by Dillon Heatherington.
10:55 of 3rd period - Shot Blocked by Sam Steel.
10:57 of 3rd period - Slapshot by Dillon Heatherington.
10:57 of 3rd period - Stopped by Adin Hill with a rebound.
11:07 of 3rd period - Michael Carcone is hit by Jonas Brodin and loses puck.
11:14 of 3rd period - Slapshot by Borna Rendulic.
11:14 of 3rd period - Stopped by Adin Hill with a rebound.
11:16 of 3rd period - Slapshot by Matt Grzelcyk.
11:16 of 3rd period - Shot Misses the Net.
11:37 of 3rd period - Ryan Fitzgerald is hit by Ryan Murphy and loses puck.
12:12 of 3rd period - Snap shot by Maxim Mamin.
12:12 of 3rd period - Shot Misses the Net.
12:32 of 3rd period - Slapshot by Chris Calhan.
12:32 of 3rd period - Shot Misses the Net.
12:34 of 3rd period - Slapshot by Connor Carrick.
12:34 of 3rd period - Shot Misses the Net.
12:54 of 3rd period - Tanner Richard is hit by Matteson Iacopelli and loses puck.
13:29 of 3rd period - Anthony Duclair is hit by Joel Eriksson Ek and loses puck.
13:36 of 3rd period - Snap shot by Borna Rendulic.
13:36 of 3rd period - Shot Blocked by Mattias Samuelsson.
13:36 of 3rd period - Mattias Samuelsson from Eagles is injured at 13:36 of 3rd period (Lacerated Left Calf).
13:37 of 3rd period - Sam Steel wins face-off versus Tanner Richard in Eagles zone.
13:37 of 3rd period - Sam Steel is hit by Jonas Brodin.
13:45 of 3rd period - Snap shot by Tanner Richard.
13:45 of 3rd period - Stopped by Adin Hill without a rebound.
13:46 of 3rd period - Sam Steel wins face-off versus Tanner Richard in Eagles zone.
14:30 of 3rd period - Minor Penalty to Jakub Vrana for Tripping.
14:31 of 3rd period - Justin Bailey wins face-off versus Zach Aston-Reese in Americans zone.
14:45 of 3rd period - Justin Bailey is hit by Anthony Duclair and loses puck.
16:30 of 3rd period - Penalty to Jakub Vrana is over, Jakub Vrana is back on ice.
16:40 of 3rd period - Icing by Daniel Sprong.
16:41 of 3rd period - Pius Suter wins face-off versus Ryan Fitzgerald in Americans zone.
16:59 of 3rd period - Icing by Spencer Stastney.
17:00 of 3rd period - Ryan Fitzgerald wins face-off versus Zach Aston-Reese in Americans zone.
17:52 of 3rd period - Slapshot by Anthony Duclair.
17:52 of 3rd period - Stopped by Connor Hellebyuk with a rebound.
17:54 of 3rd period - Slapshot by Jonathan Racine.
17:54 of 3rd period - Shot Misses the Net.
17:56 of 3rd period - Wrist shot by Anthony Duclair.
17:56 of 3rd period - Goal by Anthony Duclair - Eagles : 3 - Americans : 5.
17:57 of 3rd period - Ryan Fitzgerald wins face-off versus Sam Steel in neutral zone.
17:59 of 3rd period - Off-side.
18:00 of 3rd period - Drake Caggiula wins face-off versus Ryan Fitzgerald in neutral zone.
18:08 of 3rd period - Minor Penalty to Ryan Murphy for Tripping.
18:09 of 3rd period - Sam Steel wins face-off versus Tanner Richard in Eagles zone.
19:04 of 3rd period - Snap shot by Teemu Pulkkinen.
19:04 of 3rd period - Goal by Teemu Pulkkinen - Eagles : 3 - Americans : 6.
19:05 of 3rd period - Tanner Richard wins face-off versus Drake Caggiula in neutral zone.
19:30 of 3rd period - Joel Eriksson Ek is hit by Keaton Middleton and loses puck.
19:53 of 3rd period - Slapshot by Jack Dougherty.
19:53 of 3rd period - Stopped by Connor Hellebyuk with a rebound.
19:55 of 3rd period - Wrist shot by Tyler Motte.
19:55 of 3rd period - Stopped by Connor Hellebyuk with a rebound.
19:57 of 3rd period - Backhand shot by Jonathan Racine.
19:57 of 3rd period - Shot Blocked by Jonas Brodin.
19:59 of 3rd period - Slapshot by Jonathan Racine.
19:59 of 3rd period - Shot Misses the Net.
Goals for this period are 1 for Eagles vs 4 for Americans.
Shots for this period are 8 for Eagles vs 19 for Americans.